 Dungeon Crawl Stone Soup version 0.27-a0-911-gfacc31910f (webtiles) character file.

Game seed: 5258412384356992979

5 DarkShadow the Shield-Bearer (level 1, -1/18 HPs)
             Began as a Formicid Fighter on Apr 9, 2021.
             Succumbed to a kobold's poison
             ... on level 1 of the Dungeon.
             The game lasted 00:00:21 (253 turns).

DarkShadow the Shield-Bearer (Formicid Fighter)      Turns: 253, Time: 00:00:22

Health: -1/18      AC:  6    Str: 20    XL:     1   Next: 88%
Magic:  1/1        EV:  7    Int:  7    God:
Gold:   9          SH:  9    Dex: 10    Spells: 0/0 levels left

rFire    . . .     SeeInvis +   a - +0 war axe
rCold    . . .     Faith    .   c - +0 kite shield
rNeg     . . .     Spirit   .   b - +0 scale mail
rPois    .         Reflect  .   (helmet unavailable)
rElec    .         Harm     .   (no cloak)
rCorr    .         Rampage  .   (no gloves)
Will     .....                  (no boots)
Stlth    ..........             (no amulet)
HPRegen  0.06/turn              (no ring)
MPRegen  0.07/turn              (no ring)

@: lethally poisoned (-1 -> -21)
A: permanent stasis, dig shafts and tunnels, antennae 3, four strong arms
a: Dig, Shaft Self


You were on level 1 of the Dungeon.
You visited 1 branch of the dungeon, and saw 1 of its levels.

You collected 9 gold pieces.

Inventory:

Hand Weapons
 a - a +0 war axe (weapon)
Armour
 b - a +0 scale mail (worn)
 c - a +0 kite shield (worn)
Scrolls
 e - a scroll of amnesia {unknown}
 f - a scroll of identify {unknown}
 g - a scroll of teleportation {unknown}
Potions
 d - a potion of might


   Skills:
 + Level 3.4 Fighting
 + Level 2.0 Axes
 + Level 3.4 Armour
 + Level 3.8 Shields


You couldn't memorise any spells.
You didn't know any spells.
Your spell library was empty.

Dungeon Overview and Level Annotations

Branches:
Dungeon (1/15)

Altars:


Innate Abilities, Weirdness & Mutations

You cannot be hasted, slowed, berserked, paralysed or teleported.
You can dig through walls and to a lower floor.
You have a pair of large antennae on your head. (SInv)
Your four strong arms can wield two-handed weapons with a shield.


Message History

You are frozen.
You slash the endoplasm!
You kill the endoplasm!
HP restored.
g - a scroll labelled GAXUSHOFAO You open the door.
There is an open door here.
You now have 9 gold pieces.
There is an open door here.
A kobold comes into view. It is wielding a +1 dagger of venom.
The kobold shouts!
A giant cockroach comes into view.
A ball python comes into view.
The kobold moves out of view.
The ball python hisses angrily.
The giant cockroach bites you.
You hit the giant cockroach.
You kill the giant cockroach!
You block the ball python's attack. x2
You hit the ball python.
The ball python is severely wounded.
The ball python bites you but does no damage.
You block the ball python's attack.
The ball python bites you but does no damage.
You block the ball python's attack.
You hit the ball python.
You kill the ball python!
You block the kobold's attack.
You completely miss the kobold. The kobold hits you but does no damage.
You are poisoned.
You barely miss the kobold.
You feel very sick.
The kobold hits you with a +1 dagger of venom.
You are lethally poisoned!
The kobold hits you but does no damage.
You closely miss the kobold.
You feel very sick. You block the kobold's attack.
The kobold hits you but does no damage.
You are more poisoned.
You completely miss the kobold.
You die...

##### ## #... # .#
###.###.# .# ########
#@K.....# .#
##......###.##.#..#..#
.#
#...........##.......#
.###
#.......######....##.#
...# #.......#
........# ...#
#.......## ###..#####
...# #....##..# ...
...# #....##..# ....
...# #....##..# .....


You could see a kobold.

Vanquished Creatures
  An endoplasm (D:1)
  2 giant cockroaches (D:1)
  A ball python (D:1)
  A frilled lizard (D:1)
5 creatures vanquished.

Notes
Turn   | Place    | Note
-------+----------+-------------------------------------------
     0 | D:1      | DarkShadow the Formicid Fighter began the quest for the
                  | Orb.
     0 | D:1      | Reached XP level 1. HP: 18/18 MP: 1/1
   253 | D:1      | Succumbed to a kobold's poison

Illustrated notes

Levels and vault maps discovered:
D:1:      amcnicky_arrival_wind_blow, layout_basic,
          shapermc_ecumenical_altar_starsandcircs

Action                   || total
-------------------------++-------
Melee: War axe           ||    10
Armor: Scale mail        ||     5
Block: Kite shield       ||     8

Table legend: (Time is in decaauts)
 A = Elapsed time spent in this place.
 B = Non-inter-level travel time spent in this place.
 C = Inter-level travel time spent in this place.
 D = Time resting spent in this place.
 E = Time spent auto-exploring this place.
 F = Levels seen in this place.
 G = Mean time per level.
                   A        B        C        D        E       F      G
               +--------+--------+--------+--------+--------+-----+--------+
         Total |    258 |    258 |      0 |      0 |    202 |   1 |  258.0 |
       Dungeon |    258 |    258 |      0 |      0 |    202 |   1 |  258.0 |
               +--------+--------+--------+--------+--------+-----+--------+

Top non-repeatable levels by time:
     D:1: 258 daAuts
